 Dungeon Crawl Stone Soup version 0.29-a0-541-gaf1fc19f1b (webtiles) character file.

Game seed: 5349788115425037492

17 avuccinh the Skirmisher (level 2, -2/27 HPs)
             Began as a Minotaur Fighter on June 3, 2022.
             Slain by a goblin
             ... wielding a +0 club
             ... led by Robin
              (6 damage)
             ... on level 2 of the Dungeon.
             The game lasted 00:04:51 (243 turns).

avuccinh the Skirmisher (Minotaur Fighter)           Turns: 243, Time: 00:04:51

Health: -2/27      AC:  7    Str: 20    XL:     2   Next: 44%
Magic:  1/1        EV:  9    Int:  5    God:
Gold:   13         SH:  4    Dex:  9    Spells: 1/1 levels left

rFire   . . .      SeeInvis .   a - +0 war axe
rCold   . . .      Faith    .   c - +0 buckler
rNeg    . . .      Spirit   .   b - +0 scale mail
rPois   .          Reflect  .   (helmet restricted)
rElec   .          Harm     .   (no cloak)
rCorr   .          Rampage  .   (no gloves)
Will    .....                   (no boots)
Stlth   ..........              (no amulet)
HPRegen 0.09/turn               (no ring)
MPRegen 0.07/turn               (no ring)

@: no status effects
A: horns 2, retaliatory headbutt
a: no special abilities


You were on level 2 of the Dungeon.
You visited 1 branch of the dungeon, and saw 2 of its levels.

You collected 13 gold pieces.

Inventory:

Hand Weapons
 a - a +0 war axe (weapon)
Missiles
 e - 15 stones (quivered)
Armour
 b - a +0 scale mail (worn)
 c - a +0 buckler (worn)
Potions
 d - a potion of might
 f - a potion of curing {unknown}


   Skills:
 + Level 4.0 Fighting
 + Level 2.5 Axes
 + Level 3.9 Armour
 + Level 3.9 Shields


You had one spell level left.
You didn't know any spells.
Your spell library was empty.

Dungeon Overview and Level Annotations

Branches:
Dungeon (2/15)

Altars:
Hepliaklqana

Annotations:
D:2 Robin


Innate Abilities, Weirdness & Mutations

You have a pair of horns on your head.
You reflexively headbutt those who attack you in melee.


Message History

You kill the hobgoblin!
You closely miss the goblin. You barely miss the goblin.
You slash the hobgoblin!
You kill the hobgoblin!
The goblin hits you but does no damage.
A hobgoblin comes into view.
You block the goblin's attack. The goblin hits you but does no damage.
The hobgoblin moves out of view.
You slash the goblin!
You kill the goblin!
You barely miss the goblin. The goblin closely misses you.
The goblin barely misses you. You furiously retaliate!
You headbutt the goblin. The goblin hits you but does no damage.
Things that are here:
a +0 dagger; a +0 club; a goblin corpse Robin of the Strong Arm comes into view.
They are wielding a +0 spear.
The goblin hits you but does no damage. The goblin hits you with a +0 club.
You closely miss the goblin.
The goblin is severely wounded.
Robin shouts!
You hear a shout!
Robin roars a battlecry!
The goblin goes into a battle-frenzy!
The goblin hits you with a +0 club. Robin throws the goblin at you!
A goblin comes into view. It is wielding a +0 flail.
The goblin shouts!
You slash the goblin!
You kill the goblin!
You closely miss the goblin. The goblin barely misses you.
Robin throws the goblin at you!
Unknown command.
Unknown command.
The hobgoblin shouts!
The goblin hits you but does no damage. The goblin hits you with a +0 flail!
* * * LOW HITPOINT WARNING * * *
Things that are here:
a +0 club; a +0 hunting sling You barely miss the goblin.
You hit the goblin. The goblin hits you with a +0 club.
You die...

####### . ##.....# ###.#.
..###......#####..)...
#................ .. #
#.._..####.##.#...
#######......#).†.......
##...#....).gg.†.)g......
##............@####.......
#...........#### .......
#...........# .......
#...........# .......
##....<....## ....g..
##...#...## #......
######### ...<.g


You could see Robin and 2 goblins.

Vanquished Creatures
  5 goblins (D:2)
  2 hobgoblins (D:2)
  3 jackals (D:2)
  A ball python (D:1)
  A bat (D:2)
  2 frilled lizards (D:2)
  A kobold (D:2)
15 creatures vanquished.

Notes
Turn   | Place    | Note
-------+----------+-------------------------------------------
     0 | D:1      | avuccinh the Minotaur Fighter began the quest for the Orb.
     0 | D:1      | Reached XP level 1. HP: 19/19 MP: 0/0
   164 | D:2      | Found a hazy altar of Hepliaklqana.
   214 | D:2      | Reached XP level 2. HP: 17/27 MP: 1/1
   232 | D:2      | Reached skill level 4 in Fighting
   238 | D:2      | Noticed Robin
   243 | D:2      | Slain by a goblin

Illustrated notes

Levels and vault maps discovered:
D:1:      dpeg_arrival_castle, layout_basic,
          hellmonk_ecumenical_altar_crossroads
D:2:      layout_rooms, basic_altar, uniq_robin

Skill      XL: |  1  2 |
---------------+-------+-----
Fighting       | 4 |  4.0
Axes           | |  2.5
Armour         | |  3.9
Shields        | |  3.9

Action                   || total
-------------------------++-------
Melee: War axe           ||    22
  Use: Scroll            ||     1
Armor: Scale mail        ||    22
Dodge: Dodged            ||    30
Block: Buckler           ||     9

Table legend: (Time is in decaauts)
 A = Elapsed time spent in this place.
 B = Non-inter-level travel time spent in this place.
 C = Inter-level travel time spent in this place.
 D = Time resting spent in this place.
 E = Time spent auto-exploring this place.
 F = Levels seen in this place.
 G = Mean time per level.
                   A        B        C        D        E       F      G
               +--------+--------+--------+--------+--------+-----+--------+
         Total |    251 |    251 |      0 |      0 |     19 |   2 |  125.5 |
       Dungeon |    251 |    251 |      0 |      0 |     19 |   2 |  125.5 |
               +--------+--------+--------+--------+--------+-----+--------+

Top non-repeatable levels by time:
     D:1: 164 daAuts
     D:2: 87 daAuts
